AoeStats
← Fattazz Ninja

MegaRandom

509730175Analyzed
2v2 RM · 5d ago on Sep 27, 2026· 35m 58s· 4 players
Game mode
Random Map
Map size
Medium (4 player)
Population
200
Speed
Normal
Resources
Standard
Victory
Conquest
Starting age
Dark Age
Ending age
Imperial Age
RankedLock teamsTeams togetherTeam positionsShared explorationLock speedFull tech treeHidden civsTurbo modeCheats
Victory
Defeat
🇺🇸 Sicilians · United States
723
+13
🇺🇸 Mongols · United States
642
+15
🇹🇷 Japanese · Türkiye
643
-31
🇹🇷 Huns · Türkiye
643
-31
hrnalkan16
12:24 Feudal Age
17:34 Fishing Lines
23:22 Castle Age
gorkews
21:10 Feudal Age
YoSoyMeistro
0:28 Loom
13:05 Feudal Age
13:50 Double-Bit Axe
14:28 Gold Mining
14:33 Horse Collar
15:13 Stone Mining
17:00 Wheelbarrow
17:05 Arson
17:15 Town Watch
17:42 Fishing Lines
20:42 Forging
20:34 Scale Mail Armor
30:03 Castle Age
31:21 Bow Saw
31:13 Gillnets
35:02 Murder Holes
35:29 Ballistics
35:31 Heavy Plow
35:56 Fervor
36:33 Scale Barding Armor
36:47 Chain Mail Armor
Fattazz Ninja
1:05 Loom
13:21 Feudal Age
20:00 Castle Age
18:38 Double-Bit Axe
24:57 Bow Saw
24:33 Horse Collar
27:31 Wheelbarrow
28:35 Squires
27:57 Pikeman
31:10 Heavy Plow
32:58 Gold Mining
32:59 Stone Mining
33:40 Fletching
34:02 Forging
33:52 Scale Mail Armor
34:55 Thumb Ring
35:05 Bloodlines
Connection lost

Rejoining the realm…

Still unreachable

The connection could not be restored.

Session expired

The server has moved on; the page needs a fresh start.